Map: 2000 Atmospheres LE

Players

Denver

  • Race: Zerg Zerg

SKillous - Winner!

  • Race: Protoss Protoss

Event: DreamHack SC2 Masters 2021 Winter

VOD

Have the link to the VOD?

Description

Time

  • Played on: Oct. 2, 2021, 2:05 p.m.
  • Length: 13:34

All games in this series

Show
View Real Time Build Order
Export as new Build Order

Denver Zerg 

Build Orders: Hatch First, Brood Lord Corruptor 

Get SALT Encoding   

  12  0:00  Drone  
  13  0:12  Overlord  
  13  0:17  Drone  
  14  0:30  Drone  
  14  0:31  Drone  
  16  0:48  Hatchery  
  15  0:52  Drone  
  15  0:54  Drone  
  17  0:59  Drone  
  18  1:08  Extractor  
  17  1:15  Spawning Pool  
  17  1:16  Drone  
  17  1:20  Drone  
  18  1:28  Drone  
  19  1:39  Drone  
  20  1:50  Overlord  
  20  2:02  Queen x2  
  20  2:03  Zergling x4  
  26  2:10  Metabolic Boost  
  26  2:13  Drone  
  26  2:14  Drone  
  27  2:23  Drone x2  
  29  2:33  Drone  
  30  2:40  Hatchery  
  30  2:43  Drone  
  31  2:44  Drone  
  31  2:48  Overlord  
  31  2:56  Queen  
  34  2:58  Drone  
  34  3:01  Drone  
  35  3:06  Drone x2  
  35  3:12  Drone x3  
  40  3:13  Drone  
  40  3:17  Overlord  
  40  3:19  Drone  
  42  3:23  Drone x2  
  44  3:29  Spore Crawler  
  44  3:31  Drone  
  44  3:36  Queen  
  44  3:40  Overlord  
  46  3:42  Drone x3  
  46  3:46  Overlord  
  49  3:52  Spore Crawler  
  49  3:53  Drone x2  
  50  3:59  Drone x2  
  50  4:00  Spore Crawler  
  51  4:07  Zergling x4  
  51  4:08  Drone x3  
  56  4:13  Queen  
  57  4:17  Drone  
  57  4:18  Drone x4  
  57  4:20  Overlord  
  62  4:26  Queen  
  64  4:33  Drone  
  64  4:35  Overlord  
  64  4:37  Roach Warren  
  63  4:40  Drone  
  63  4:41  Drone x3  
  67  4:46  Drone  
  67  4:47  Drone x4  
  72  4:54  Lair  
  72  4:57  Drone x4  
  72  4:59  Extractor  
  74  5:00  Queen, Extractor  
  75  5:08  Overlord  
  75  5:11  Zergling x10  
  80  5:15  Zergling x2  
  80  5:18  Overlord  
  81  5:23  Overlord  
  81  5:24  Queen, Extractor  
  81  5:32  Drone x7  
  86  5:39  Overlord  
  86  5:41  Drone x3  
  89  5:43  Hatchery  
  89  5:46  Drone x2  
  89  5:49  Queen  
  92  5:54  Extractor  
  92  5:56  Evolution Chamber, Queen  
  91  5:57  Drone x4  
  91  6:01  Spire, Extractor  
  91  6:02  Drone x4  
  95  6:05  Drone x2  
  95  6:06  Drone  
  98  6:22  Drone  
  98  6:23  Drone x3, Queen  
  98  6:24  Queen  
  106  6:29  Zerg Missile Weapons Level 1  
  106  6:36  Hatchery  
  106  6:38  Drone x7  
  113  6:40  Overlord  
  113  6:43  Overlord  
  113  6:49  Drone x3  
  113  6:52  Overlord  
  113  6:55  Overlord  
  113  7:00  Spore Crawler  
  109  7:03  Spore Crawler  
  109  7:07  Overlord  
  109  7:08  Drone  
  109  7:11  Roach  
  109  7:12  Roach x6  
  123  7:16  Hatchery  
  123  7:18  Zerg Flyer Armor Level 1  
  123  7:21  Overlord x2  
  122  7:27  Corruptor  
  122  7:28  Corruptor x4  
  131  7:31  Corruptor  
  133  7:40  Corruptor x3  
  139  7:47  Drone x2  
  139  7:49  Infestation Pit  
  138  7:52  Drone x7  
  138  7:55  Extractor  
  138  7:56  Extractor  
  143  8:00  Corruptor x2  
  143  8:02  Overlord  
  143  8:04  Overlord  
  146  8:10  Overlord  
  142  8:14  Corruptor x4  
  142  8:16  Zergling x8  
  142  8:17  Zergling x2  
  153  8:25  Overlord  
  153  8:30  Hive  
  153  8:34  Corruptor x2  
  153  8:40  Drone x7  
  153  8:41  Hatchery  
  163  8:43  Zerg Missile Weapons Level 2  
  163  8:49  Zergling x12  
  165  8:57  Corruptor x3  
  166  9:20  Spore Crawler  
  166  9:22  Corruptor  
  166  9:23  Corruptor x4  
  175  9:24  Spore Crawler, Extractor  
  175  9:25  Zergling x16, Spore Crawler x2  
  175  9:27  Extractor  
  178  9:34  Spore Crawler  
  173  9:44  Greater Spire  
  173  9:51  Drone x2  
  175  9:58  Viper x3  
  181  10:06  Drone x5, Spine Crawler  
  181  10:07  Spine Crawler  
  181  10:08  Spine Crawler x3  
  181  10:09  Spine Crawler, Roach x11  
  181  10:10  Zergling x2  
  186  10:45  Glial Reconstitution  
  186  10:46  Zergling x16  
  186  10:47  Zergling x10, Roach x2  
  177  11:12  Brood Lord x5  
  177  11:15  Zerg Flyer Weapons Level 1  
  187  11:18  Spire  
  187  11:19  Queen  
  180  11:28  Drone x3  
  180  11:29  Drone x8  
  160  11:49  Zergling x26  
  160  11:54  Queen x3, Roach  
  156  11:59  Queen  
  152  12:03  Brood Lord x6  
  152  12:05  Roach  
  152  12:06  Roach x3  
  164  12:14  Roach x4  
  158  12:20  Spine Crawler  
  158  12:21  Spine Crawler  
  147  12:25  Roach x4  
  139  12:34  Drone  
  139  12:35  Drone x3  
  135  12:46  Roach x4  
  143  12:54  Brood Lord x4  
  134  13:00  Drone x4  
  128  13:07  Drone x6  
  128  13:08  Drone  
Show
View Real Time Build Order
Export as new Build Order

SKillous Protoss - Winner!

Build Orders: 1 Gate Expand, Oracle Opening 

Get SALT Encoding   

  12  0:00  Probe  
  13  0:12  Probe  
  14  0:19  Pylon  
  14  0:24  Probe  
  15  0:37  Probe (Chrono Boost)  
  15  0:39  Gateway  
  16  0:46  Probe (Chrono Boost)  
  17  0:50  Assimilator  
  17  0:51  Probe  
  18  1:03  Probe  
  19  1:16  Probe  
  20  1:28  Nexus  
  20  1:38  Cybernetics Core  
  20  1:42  Probe  
  21  1:48  Assimilator  
  22  1:54  Probe  
  22  1:56  Pylon  
  22  2:06  Probe  
  23  2:12  Adept (Chrono Boost)  
  23  2:14  Probe  
  25  2:22  Probe  
  25  2:23  Stargate  
  25  2:27  Warp Gate  
  26  2:35  Adept, Probe (Chrono Boost)  
  29  2:39  Probe (Chrono Boost)  
  30  2:49  Probe x2 (Chrono Boost)  
  32  2:54  Probe (Chrono Boost)  
  32  2:56  Probe  
  34  2:59  Void Ray (Chrono Boost)  
  34  3:06  Probe  
  34  3:09  Probe  
  42  3:15  Pylon  
  42  3:18  Probe  
  43  3:22  Probe  
  44  3:27  Gateway  
  44  3:30  Probe  
  45  3:34  Probe  
  45  3:35  Oracle  
  47  3:42  Probe  
  47  3:46  Probe  
  49  3:54  Probe  
  49  3:55  Pylon  
  50  3:57  Nexus  
  50  3:59  Probe  
  51  4:04  Assimilator  
  51  4:06  Assimilator  
  51  4:07  Probe (Chrono Boost)  
  52  4:12  Probe (Chrono Boost)  
  52  4:17  Stargate  
  52  4:20  Probe (Chrono Boost)  
  52  4:23  Protoss Air Weapons Level 1  
  54  4:24  Probe (Chrono Boost)  
  54  4:26  Pylon  
  54  4:27  Probe (Chrono Boost)  
  54  4:29  Probe (Chrono Boost)  
  56  4:32  Void Ray  
  56  4:35  Forge  
  60  4:39  Probe  
  60  4:41  Probe  
  62  4:51  Probe  
  63  4:53  Probe  
  63  4:55  Shield Battery  
  63  4:58  Adept x2  
  67  5:03  Void Ray  
  67  5:05  Probe (Chrono Boost)  
  67  5:06  Probe (Chrono Boost)  
  69  5:10  Robotics Facility  
  69  5:12  Probe (Chrono Boost)  
  74  5:14  Void Ray  
  74  5:18  Probe (Chrono Boost)  
  80  5:21  Probe (Chrono Boost)  
  80  5:22  Probe (Chrono Boost)  
  80  5:23  Probe (Chrono Boost)  
  80  5:28  Probe x2  
  83  5:32  Probe  
  81  5:36  Assimilator  
  81  5:38  Assimilator  
  81  5:39  Pylon  
  81  5:40  Probe x2  
  83  5:44  Probe  
  83  5:46  Photon Cannon  
  84  5:51  Void Ray  
  84  5:52  Probe, Pylon  
  84  5:56  Pylon  
  85  5:57  Probe  
  85  5:58  Shield Battery  
  85  6:03  Probe  
  85  6:04  Void Ray  
  91  6:08  Observer  
  91  6:11  Robotics Bay, Pylon  
  96  6:13  Probe  
  96  6:16  Probe  
  96  6:17  Pylon  
  96  6:18  Probe  
  99  6:20  Photon Cannon  
  99  6:25  Probe  
  100  6:28  Probe  
  100  6:29  Void Ray  
  101  6:39  Fleet Beacon, Stargate  
  105  6:40  Pylon  
  105  6:41  Probe  
  105  6:44  Void Ray  
  106  6:48  Probe  
  111  7:02  Nexus  
  111  7:05  Probe, Pylon  
  111  7:06  Probe  
  111  7:07  Pylon  
  113  7:11  Photon Cannon  
  113  7:12  Photon Cannon  
  113  7:15  Photon Cannon, Void Ray  
  112  7:16  Zealot x2  
  112  7:17  Pylon  
  120  7:24  Void Ray x2  
  124  7:31  Flux Vanes  
  124  7:37  Probe  
  124  7:39  Probe  
  124  7:41  Probe  
  127  7:46  Twilight Council  
  127  7:49  Probe  
  127  7:51  Photon Cannon, Probe  
  129  7:53  Protoss Air Weapons Level 2, Probe, Pylon  
  130  7:59  Photon Cannon  
  130  8:00  Shield Battery  
  130  8:02  Probe  
  133  8:09  Assimilator x2  
  135  8:13  Protoss Ground Weapons Level 1 (Chrono Boost)  
  135  8:21  Gateway  
  135  8:23  Gateway, Disruptor (Chrono Boost)  
  135  8:25  Photon Cannon  
  130  8:27  Photon Cannon  
  130  8:29  Photon Cannon  
  127  8:35  Charge (Chrono Boost)  
  127  8:36  Gateway x2  
  127  8:40  Gateway  
  127  8:41  Gateway  
  127  8:44  Templar Archives  
  127  8:52  Disruptor (Chrono Boost)  
  130  9:01  Photon Cannon  
  130  9:02  Photon Cannon  
  130  9:03  Pylon  
  130  9:08  Gateway  
  130  9:09  Gateway  
  130  9:10  Gateway  
  130  9:14  Gateway  
  130  9:18  Warp Prism (Chrono Boost), Forge  
  130  9:20  Pylon  
  130  9:24  High Templar x4  
  136  9:27  Archon, Pylon  
  136  9:28  Archon  
  136  9:38  Zealot x3  
  136  9:39  Zealot  
  144  9:46  Photon Cannon  
  144  9:48  Photon Cannon  
  144  9:49  Pylon  
  144  9:57  Zealot x4  
  152  10:02  Zealot x3  
  152  10:03  Zealot  
  152  10:05  Protoss Shields Level 1 (Chrono Boost)  
  154  10:08  Probe x2  
  156  10:16  Blink (Chrono Boost), High Templar x3  
  156  10:21  Archon  
  162  10:22  High Templar  
  162  10:23  High Templar x3  
  162  10:24  Zealot x5  
  162  10:26  Archon, Protoss Ground Weapons Level 2 (Chrono Boost)  
  180  10:29  Archon  
  180  10:33  Nexus  
  180  10:36  Pylon  
  180  10:38  Pylon  
  180  10:41  Protoss Air Weapons Level 3  
  180  10:48  High Templar x3  
  178  10:52  Archon  
  156  10:59  Zealot x9  
  172  11:08  Observer (Chrono Boost), Archon  
  162  11:12  Probe  
  162  11:15  Photon Cannon  
  162  11:16  Photon Cannon  
  163  11:18  Photon Cannon  
  163  11:20  Photon Cannon  
  163  11:22  Shield Battery  
  163  11:24  Shield Battery  
  163  11:29  Stalker x9  
  173  11:34  Stalker  
  151  11:49  Zealot x2  
  125  12:00  Zealot x8  
  125  12:01  Zealot x2  
  139  12:10  Assimilator  
  139  12:15  Assimilator  
  137  12:27  Stalker x9  
  137  12:28  Stalker  
  145  12:49  Probe x5  
  140  13:01  Nexus, Probe (Chrono Boost)  
  140  13:02  Probe x2 (Chrono Boost)  
  140  13:03  Probe x2 (Chrono Boost), Pylon  
  134  13:10  Pylon  
  127  13:13  Probe (Chrono Boost)  
  127  13:14  Probe (Chrono Boost)  
  127  13:19  Probe x2 (Chrono Boost)  
  126  13:22  Zealot x12  

Tags
 
Add a new tag
Caveats
  • Supply blocks, unpowered buildings, or Contaminate may cause inaccurate times.
  • Supply counts are checked every 10 seconds.